 Dungeon Crawl Stone Soup version 0.32-a0-961-gd60f5e5fc7 (webtiles) character file.

Game seed: 9964746922800117151

133 Aneyh the Ducker (level 5, -3/32 HPs)
             Began as a Tengu Monk on Apr 18, 2024.
             Killed by divine providence
             ... invoked by an orc priest
              (12 damage)
             ... on level 3 of the Dungeon.
             The game lasted 00:03:18 (1389 turns).

Aneyh the Ducker (Tengu Monk)                       Turns: 1389, Time: 00:03:19

Health: -3/32      AC:  3    Str: 12    XL:     5   Next: 16%
Magic:  0/6        EV: 28    Int: 12    God:
Gold:   110        SH:  0    Dex: 16    Spells: 4/4 levels left

rFire   . . .        a - +0 spear
rCold   . . .        (no shield)
rNeg    . . .        k - +0 leather armour
rPois   .            (helmet restricted)
rElec   .            (no cloak)
rCorr   .            (no gloves)
SInv    .            (boots unavailable)
Will    .....        o - amulet of guardian spirit
Stlth   +            (no ring)
HPRegen 0.25/turn    (no ring)
MPRegen 0.10/turn

%: acrobat, guardian spirit
@: acrobatic
A: beak, talons 3, acrobatic
a: Convert to Beogh


You were on level 3 of the Dungeon.
You visited 1 branch of the dungeon, and saw 3 of its levels.

You collected 110 gold pieces.

Inventory:

Hand Weapons
 a - a +0 spear (weapon)
Armour
 b - a +0 robe
 d - an orb of light
 k - a +0 leather armour (worn)
 s - a +0 pair of gloves
Jewellery
 g - a ring of ice
 o - an amulet of guardian spirit (around neck)
 q - a ring of poison resistance
Scrolls
 c - a scroll of vulnerability {unknown}
 e - 2 scrolls of blinking {unknown}
 f - 5 scrolls of amnesia {unknown}
 h - a scroll of fog {unknown}
 i - 5 scrolls of noise {unknown}
 n - a scroll of enchant weapon {unknown}
 r - 2 scrolls of identify {unknown}
Potions
 j - a potion of degeneration {unknown}
 l - a potion of curing {unknown}
 m - a potion of enlightenment {unknown}
 p - a potion of haste {unknown}


   Skills:
 - Level 3.0 Fighting
 * Level 4.9 Polearms
 - Level 5.0 Dodging
 * Level 0.5 Summonings


You had 4 spell levels left.
You didn't know any spells.
Your spell library was empty.

Dungeon Overview and Level Annotations

Branches:
Dungeon (3/15)

Altars:
Ru

Shops:
D:1 :


Innate Abilities, Weirdness & Mutations

You have a beak for a mouth.
You have claws for feet.
You can magically evade attacks while moving or waiting.


Message History

The orc hits you with a +0 dagger.
You barely miss the orc.
The orc priest begins to cast a cantrip, but forgets the words!
You hit the orc.
The orc is lightly wounded.
The orc closely misses you.
You hit the orc but do no damage.
The orc is lightly wounded.
The orc misses you.
You barely miss the orc.
The orc is lightly wounded.
The orc priest barely misses you.
You barely miss the orc priest. Your kick misses the orc priest.
The orc misses you.
You hear some strange, mumbled words.
A puff of flame appears from out of thin air!
The puff of flame hits you.
The orc priest looks braver for a moment.
The orc priest shouts, "Surrender to Beogh and we'll let you live!"
The orc priest threatens, "Beogh's wrath is as vast as their mercy.
Make your choice!" (press Y on the ability menu to convert to Beogh)
There are monsters nearby!
You hit the orc priest. Your kick misses the orc priest.
You peck the orc priest, but do no damage.
The orc priest is moderately wounded.
The orc closely misses you. Something hits you but does no damage.
The orc priest closely misses you.
You hit the orc priest.
The orc priest shouts, "Beogh offers mercy even to people such as you.
Join us and be reborn!"
Your peck misses the orc priest.
The orc priest is moderately wounded.
The orc hits you with a +0 dagger. Something hits you.
You barely miss the orc priest.
The orc priest is moderately wounded.
The orc priest invokes the aid of Beogh against you.
Beogh smites you! The orc closely misses you. Something hits you.
* * * LOW HITPOINT WARNING * * *
The orc priest mumbles some strange prayers to Beogh against you.
Beogh smites you!
You die...

#......#
######.####...###.....##
#....### #.#
#....'.......># #....#
##.###....########## #....#
#...##........# .....#
#...##..(.....# ######
#.............# .<#
#.............# #######
##...oo........# ......+
+...@.{........# ......#
#.#+###'######## #####.#
#.#............
....#.#######'#####........
......##....†....##........
###.#..'.........##........
#.#.##.........##########
..#.##.........#
####.##.........#


You could see an orc priest and an orc.

Vanquished Creatures
  A scorpion (D:3)
  A bombardier beetle (D:3)
  A ribbon worm (D:2)
  An endoplasm (D:1)
  2 giant cockroaches
  5 goblins
  4 hobgoblins
  3 jackals (D:1)
  2 quokkas (D:3)
  6 ball pythons
  8 bats
  A frilled lizard (D:1)
  2 kobolds (D:1)
  2 rats (D:2)
39 creatures vanquished.

Notes
Turn   | Place    | Note
-------+----------+-------------------------------------------
     0 | D:1      | Aneyh the Tengu Monk began the quest for the Orb.
     0 | D:1      | Reached XP level 1. HP: 14/14 MP: 2/2
     6 | D:1      | Noticed an electric eel
    52 | D:1      | Found Vutseif's Book Shoppe.
    91 | D:1      | Reached XP level 2. HP: 15/19 MP: 3/3
   240 | D:1      | Reached skill level 4 in Dodging
   341 | D:1      | Reached XP level 3. HP: 23/23 MP: 4/4
   987 | D:3      | Noticed a scorpion
  1001 | D:3      | Killed a scorpion
  1002 | D:3      | Reached skill level 5 in Dodging
  1002 | D:3      | Reached XP level 4. HP: 5/28 MP: 2/5
  1189 | D:3      | Reached XP level 5. HP: 32/32 MP: 6/6
  1341 | D:3      | Found a sacrificial altar of Ru.
  1389 | D:3      | Killed from afar by an orc priest

Illustrated notes

Levels and vault maps discovered:
D:1:      arrival_aquarium_a, layout_rooms, serial_shops,
          nicolae_book_shop_shelving, grunt_decor_arrowhead, minmay_pentomino_z2
D:2:      layout_rooms
D:3:      layout_basic, mainiacjoe_overflow_surrounded_room,
          mainiacjoe_overflow_catwalk, lemuel_blue_sif_altar,
          kennysheep_generic_room_13

Skill      XL: |  1  2  3 |
---------------+----------+-----
Dodging        | 4 5 |  5.0
Polearms       | 4 |  4.9
Fighting       | |  3.0
Summonings     | |  0.5

Action                     |  1- 3 |  4- 6 || total
---------------------------+-------+-------++-------
  Melee: Spear             |   118 |    28 ||   146
         Kick              |    22 |     8 ||    30
         Peck              |    16 |     3 ||    19
    Use: Potion            |       |     1 ||     1
   Stab: Sleeping          |     2 |     1 ||     3
 Armour: Robe              |    43 |       ||    43
         Leather armour    |    10 |     7 ||    17
  Dodge: Dodged            |    91 |    12 ||   103

Table legend: (Time is in decaauts)
 A = Elapsed time spent in this place.
 B = Non-inter-level travel time spent in this place.
 C = Inter-level travel time spent in this place.
 D = Time resting spent in this place.
 E = Time spent auto-exploring this place.
 F = Levels seen in this place.
 G = Mean time per level.
                   A        B        C        D        E       F      G
               +--------+--------+--------+--------+--------+-----+--------+
         Total |   1374 |   1330 |     44 |     53 |    934 |   3 |  458.0 |
       Dungeon |   1374 |   1330 |     44 |     53 |    934 |   3 |  458.0 |
               +--------+--------+--------+--------+--------+-----+--------+

Top non-repeatable levels by time:
     D:1: 537 daAuts
     D:2: 429 daAuts
     D:3: 406 daAuts
